 Dungeon Crawl Stone Soup version 0.22-a0-161-g198051c (webtiles) character file.

175 wolfsongas the Ruffian (level 5, -1/37 HPs)
             Began as an Octopode Fighter on Feb 10, 2018.
             Slain by a river rat (8 damage)
             ... on level 3 of the Dungeon.
             The game lasted 00:03:12 (2327 turns).

wolfsongas the Ruffian (Octopode Fighter)           Turns: 2327, Time: 00:03:13

Health: -1/37      AC:  1    Str: 15    XL:     5   Next: 55%
Magic:  5/5        EV: 12    Int: 10    God:
Gold:   124        SH:  8    Dex: 13    Spells: 4/4 levels left

rFire    . . .     SeeInvis .     - Unarmed
rCold    . . .     Gourm    .   a - +0 shield
rNeg     . . .     Faith    .   (helmet restricted)
rPois    .         Spirit   .   (no amulet)
rElec    .         Reflect  .   (no ring)
rCorr    .         Harm     .   (no ring)
MR       .....                  (no ring)
Stlth    +++.......             (no ring)
HPRegen  0.12/turn              (no ring)
MPRegen  0.09/turn              (no ring)
                                (no ring)
                                (no ring)

@: no status effects
A: almost no armour, stealthy swim, amphibious, 8 rings, constrict 8, camouflage
1, gelatinous body 1
a: no special abilities


You were on level 3 of the Dungeon.
You were not hungry.

You visited 1 branch of the dungeon, and saw 3 of its levels.

You collected 124 gold pieces.

Inventory:

Armour
 a - a +0 shield (worn)
Scrolls
 b - 3 scrolls of teleportation {unknown}
 e - a scroll of identify
 g - a scroll of remove curse
 i - a scroll of fog
Potions
 d - 2 potions of curing
 h - a potion of agility
Comestibles
 c - 3 rations


   Skills:
 + Level 4.2 Fighting
 - Level 3.0 Dodging
 - Level 3.0 Shields
 * Level 4.7 Unarmed Combat


You had 4 spell levels left.
You didn't know any spells.

Dungeon Overview and Level Annotations

Branches:
Dungeon (3/15)

Altars:
Fedhas


Innate Abilities, Weirdness & Mutations

You cannot wear most types of armour.
You are very stealthy in the water. (Stealth+)
You are amphibious.
You can wear up to eight rings at the same time.
You can use your tentacles to constrict eight enemies at once.
Your skin changes colour to match your surroundings (Stealth+).
Your rubbery body absorbs attacks. (AC +1, EV +1)


Message History

You feel better. The river rat misses you.
You tentacle-slap the river rat. Your grab misses the river rat.
Your squeeze misses the river rat.
The river rat is lightly wounded.
You block the river rat's attack.
You barely miss the river rat. You grab the river rat.
The river rat is lightly wounded.
You constrict the river rat. You block the river rat's attack.
You tentacle-slap the river rat.
The river rat is heavily wounded.
You constrict the river rat. The river rat bites you.
* * * LOW HITPOINT WARNING * * *
You tentacle-slap the river rat but do no damage.
The river rat is severely wounded.
You constrict the river rat. You block the river rat's attack.
You tentacle-slap the river rat but do no damage.
Your squeeze misses the river rat.
The river rat is almost dead.
You constrict the river rat. The river rat bites you!
You die...

*,..,* #.# *#####.#...
*##.** #.# *..........
##.#######.#####.###.##...
#................# #.*##..
#.##.......###.### #*,*#..
#>##.#.##### *,* **,...
#.#...#####******* **##.
#.....#≈r≈#≈≈≈≈≈≈* *.
#....†#≈#@#≈*************.
#.#..≈#≈#≈#≈*≈≈≈≈*,,,,,,,,
#,#.≈≈≈≈#≈≈≈≈≈**∩*********
*,#..≈#≈#≈##******
*,#..≈≈≈#≈≈≈≈≈≈≈≈*
*,#...#≈###****≈**
*,#..≈≈≈#≈≈≈≈≈≈≈*
*.....≈≈#********
###......,,,,*


You could see a river rat.

Vanquished Creatures
  An iguana (D:2)
  Terence (D:2)
  5 adders
  2 river rats (D:3)
  An ooze (D:1)
  2 worms
  2 leopard geckos
  7 bats
  A giant cockroach (D:2)
  4 goblins
  8 hobgoblins
  A quokka (D:2)
  3 ball pythons (D:1)
  4 frilled lizards
  4 kobolds
  9 rats
  2 plants (D:1)
57 creatures vanquished.

Notes
Turn   | Place    | Note
-------+----------+-------------------------------------------
     0 | D:1      | wolfsongas the Octopode Fighter began the quest for the Orb.
     0 | D:1      | Reached XP level 1. HP: 16/16 MP: 1/1
   170 | D:1      | Reached XP level 2. HP: 17/21 MP: 2/2
   546 | D:1      | Reached XP level 3. HP: 26/26 MP: 3/3
  1121 | D:2      | Reached XP level 4. HP: 15/33 MP: 4/4
  1448 | D:2      | Noticed Terence
  1459 | D:2      | Killed Terence
  1637 | D:2      | Reached XP level 5. HP: 33/37 MP: 5/5
  2234 | D:3      | Found a blossoming altar of Fedhas.
  2327 | D:3      | Slain by a river rat

Vault maps used:
D:1:      minmay_arrival_jagged, serial_bayou, serial_bayou_lagoon_a,
          serial_bayou_shore_a, serial_bayou_pond_a, serial_bayou_pond_d
D:2:      uniq_terence
D:3:      minmay_goblin_kobold_castle, old_standard_altar,
          lightli_sewer_entry_pipes, first_ration

Skill      XL: |  1  2  3  4 |
---------------+-------------+-----
Unarmed Combat | 3 4 |  4.7
Fighting       | 4 |  4.2
Dodging        | |  3.0
Shields        | |  3.0

Action                   |  1- 3 |  4- 6 || total
-------------------------+-------+-------++-------
Melee: Unarmed           |   109 |    63 ||   172
       Constrict         |    23 |    20 ||    43
       Tentacles         |    32 |    10 ||    42
       Punch             |     1 |     4 ||     5
  Use: Potion            |     1 |     3 ||     4
       Scroll            |     1 |     6 ||     7
 Stab: Sleeping          |     3 |     5 ||     8
  Eat: Ration            |     1 |       ||     1
       Chunk             |       |     1 ||     1
Armor: Skin              |    10 |    10 ||    20
Dodge: Dodged            |    33 |    32 ||    65
Block: Shield            |    33 |    22 ||    55

Table legend:
 A = Spawn XP
 B = Non-spawn XP
 C = Spawn XP percentage of total XP
 D = Spawn monster count
 E = Non-spawn monster count
 F = Spawn count percentage of total count
 G = Total turns spent on level
                    A         B        C        D         E        F      G
               +---------+---------+-------+---------+---------+-------+---------
         Total |       0 |     250 |   0.0 |       0 |      55 |   0.0 |  2327
               +---------+---------+-------+---------+---------+-------+---------
           D:1 |       0 |      42 |   0.0 |       0 |      26 |   0.0 |   926
           D:2 |       0 |     156 |   0.0 |       0 |      21 |   0.0 |  1268
           D:3 |       0 |      52 |   0.0 |       0 |       8 |   0.0 |   133
               +---------+---------+-------+---------+---------+-------+---------
